 Dungeon Crawl Stone Soup version 0.31-a0-1499-ge0622b2318 (webtiles) character file.

Game seed: 11190154216945612451

1047 bjtr the Sneak (level 8, -2/39 HPs)
             Began as a Vine Stalker Enchanter on Dec 30, 2023.
             Slain by a scorpion (5 damage)
             ... in an ossuary.
             The game lasted 00:22:45 (5014 turns).

bjtr the Sneak (Vine Stalker Enchanter)             Turns: 5014, Time: 00:22:46

Health: -2/39      AC:  1    Str: 10    XL:     8   Next: 25%
Magic:  0/13       EV: 13    Int: 17    God:
Gold:   261        SH:  0    Dex: 16    Spells: 3/12 levels left

rFire   . . .        a - +2 dagger (speed)
rCold   . . .        (no shield)
rNeg    . . .        (no body armour)
rPois   .            (no helmet)
rElec   .            p - +0 cloak
rCorr   .            (no gloves)
SInv    .            (no boots)
Will    +....        (no amulet)
Stlth   +++          (no ring)
HPRegen 1.06/turn    (no ring)
MPRegen 0.13/turn

%: guardian spirit
@: lethally poisoned (-2 -> -3), invisible
A: fangs 3, regeneration 1, magic shield, antimagic bite, no potion heal 2
a: no special abilities


You were in an ossuary.
You visited 1 branch of the dungeon, and saw 5 of its levels.
You also visited: Ossuary.

You collected 261 gold pieces.

Inventory:

Hand Weapons
 a - a +2 dagger of speed (weapon)
 b - a +1 dagger of electrocution
 z - a +0 trident
Missiles
 h - 4 poisoned darts
 v - 4 silver javelins
Armour
 e - a +1 leather armour
 f - an orb of guile
 l - a +0 robe
 p - a +0 cloak (worn)
 w - a +0 leather armour of fire resistance
Jewellery
 g - a ring of flight
Talismans
 n - a flux talisman
Wands
 j - a wand of polymorph (7)
 k - a wand of flame (18)
Scrolls
 d - 2 scrolls of fog
 s - 3 scrolls of teleportation
 u - 2 scrolls of enchant armour
 y - a scroll of fear
 A - a scroll of noise {unknown}
 B - a scroll of poison {unknown}
Potions
 c - a potion of invisibility
 i - a potion of magic {unknown}
 m - 2 potions of curing {unknown}
 o - a potion of mutation
 q - a potion of enlightenment {unknown}
 r - 3 potions of ambrosia {unknown}
 t - 3 potions of heal wounds {unknown}
 x - 2 potions of might {unknown}


   Skills:
 + Level 2.8 Fighting
 + Level 4.7 Short Blades
 + Level 1.9 Armour
 + Level 2.8 Dodging
 + Level 6.7 Stealth
 + Level 2.9 Spellcasting
 + Level 4.3 Hexes


You had 3 spell levels left.
You knew the following spells:

 Your Spells              Type           Power      Damage    Failure   Level
a - Confusing Touch       Hex            17%        N/A       9%          3
b - Tukima's Dance        Hex            17%        N/A       9%          3
c - Passwall              Erth           2%         N/A       47%         3

Your spell library contained the following spells:

 Spells                   Type           Power      Damage    Failure   Level
 Ensorcelled Hibernation  Hex/Ice        18%        N/A       11%         2
 Shock                    Conj/Air       8%         1d3       19%         1
 Summon Small Mammal      Summ           8%         N/A       19%         1
 Dazzling Flash           Conj/Hex       18%        N/A       22%         3
 Frozen Ramparts          Ice            4%         1d1       47%         3
 Fugue of the Fallen      Necr           2%         N/A       47%         3
 Stone Arrow              Conj/Erth      4%         3d7       47%         3
 Swiftness                Air            2%         N/A       47%         3
 Anguish                  Hex/Necr       4%         N/A       58%         4
 Animate Armour           Summ/Erth      4%         N/A       87%         4
 Leda's Liquefaction      Alch/Erth      1%         N/A       87%         4
 Petrify                  Alch/Erth      2%         N/A       87%         4
 Metabolic Englaciation   Hex/Ice        4%         N/A       90%         5
 Lehudib's Crystal Spear  Conj/Erth      1%         10d2      100%        8


Dungeon Overview and Level Annotations

Branches:
Dungeon (5/15)            Ossuary (1/1)
 Temple: D:4-7

Altars:
Gozag
Nemelex Xobeh
Okawaru
Ru
Sif Muna

Shops:
D:2 [


Innate Abilities, Weirdness & Mutations

You have razor-sharp teeth.
Your natural rate of healing is unusually fast.
When hurt, damage is shared between your health and your magic reserves.
Your bite disrupts and absorbs the magic of your enemies.
Potions cannot restore your health.


Message History

You hit the scorpion.
You kill the scorpion!
You start resting.
HP restored.
You start resting.
Magic restored.
There is an open door, spattered with blood here.
There is an open door here.
q - a puce potion
d - 2 scrolls of fog (gained 1)
B - a scroll labelled NIDAGO GOUGYS
t - 3 fizzy black potions (gained 1)
There is an open door here.
There is an open door, spattered with blood here.
There is an open door here.
A gnoll zombie and a scorpion come into view.
A scorpion comes into view.
The scorpion stings you!
There is an open door here.
You barely miss the scorpion. Your bite misses the scorpion.
The scorpion stings you. x2
You are poisoned.
The scorpion poisons you!
You feel very sick.
You feel sick. The scorpion attacks as it pursues you! The scorpion stings you!
You are more poisoned.
The scorpion poisons you!
You feel very sick. The scorpion attacks as it pursues you!
The scorpion stings you!
You feel very sick. The scorpion attacks as it pursues you!
The scorpion stings you.
* * * LOW HITPOINT WARNING * * *
The scorpion stings you.
* * * LOW HITPOINT WARNING * * *
* * * LOW HITPOINT WARNING * * *
You feel very sick. The scorpion attacks as it pursues you!
The scorpion barely misses you.
You fade into invisibility!
You feel sick. The scorpion stings you!
You die...

#...#?!.#...#...#..
#...'..!#...'...8..
#...#??M#...#......
##'#######'###8...8
#.Z.#...#...#......
#...#...8...#...8..
#...#.......#...#..
#ss.##8...8########
#.@.#.......#...#.!
#...#...8...'...#!.
#...#...#...#...#M?
##'###########'####
#...#...#...#.....#
#...8...'...#.....#
#.......#...#.....8
##8...8###'##......
#.......#...#......


You could see 2 scorpions and a gnoll zombie (unable to see you).

Vanquished Creatures
  Sigmund (D:2)
  2 scorpions (Ossuary)
  3 human zombies (Ossuary)
  A jelly (D:4)
  2 sleepcaps (D:4)
  An orc wizard (D:3)
  9 scorpion zombies (Ossuary)
  Terence (D:2)
  2 mummies (Ossuary)
  4 gnolls
  13 adders
  2 ribbon worms
  A shadow imp (D:3)
  3 adder zombies (Ossuary)
  A dart slug (D:4)
  15 orcs
  5 bats
  6 endoplasms
  5 giant cockroaches
  11 goblins
  A hobgoblin (D:2)
  2 jackals (D:1)
  6 quokkas
  7 ball pythons
  2 ball python zombies (Ossuary)
  3 frilled lizards
  2 gnoll zombies (Ossuary)
  7 kobolds
  An orc zombie (Ossuary)
  8 rats
127 creatures vanquished.

Notes
Turn   | Place    | Note
-------+----------+-------------------------------------------
     0 | D:1      | bjtr the Vine Stalker Enchanter began the quest for the
                  | Orb.
     0 | D:1      | Reached XP level 1. HP: 9/9 MP: 4/4
   188 | D:1      | Reached XP level 2. HP: 13/13 MP: 6/6
   196 | D:1      | Reached skill level 4 in Stealth
   440 | D:1      | Reached XP level 3. HP: 11/16 MP: 2/7
   835 | D:2      | Reached skill level 1 in Short Blades
   835 | D:2      | Noticed Terence
  1099 | D:2      | Learned a level 3 spell: Confusing Touch
  1107 | D:2      | Killed Terence
  1108 | D:2      | Reached XP level 4. HP: 17/21 MP: 8/8
  1278 | D:2      | Learned a level 3 spell: Tukima's Dance
  1313 | D:2      | Reached skill level 5 in Stealth
  1373 | D:2      | Found Usyitol's Antique Armour Boutique.
  1384 | D:2      | Reached XP level 5. HP: 22/25 MP: 9/9
  1636 | D:2      | Found a sacrificial altar of Ru.
  1663 | D:2      | Noticed Sigmund
  1702 | D:2      | Killed Sigmund
  1703 | D:2      | Reached skill level 1 in Fighting
  1703 | D:2      | Reached skill level 1 in Armour
  1703 | D:2      | Reached XP level 6. HP: 24/30 MP: 8/10
  2056 | D:3      | Found a sparkling altar of Nemelex Xobeh.
  2558 | D:3      | Found a shimmering blue altar of Sif Muna.
  2867 | D:3      | Learned a level 3 spell: Passwall
  2877 | D:3      | Got Sif Muna's Vellum of the Wind
  2880 | D:3      | Got Sif Muna's Elucidation of Creation
  2882 | D:3      | Got Sif Muna's Disquisition on Lightning
  3455 | D:4      | Reached skill level 6 in Stealth
  3455 | D:4      | Reached XP level 7. HP: 22/33 MP: 9/11
  3483 | D:4      | Found an opulent altar of Gozag.
  3841 | D:4      | Found an iron altar of Okawaru.
  4248 | D:5      | Entered Level 5 of the Dungeon
  4296 | D:5      | Found a sand-covered staircase.
  4303 | Ossuary  | Entered an ossuary
  4830 | Ossuary  | Gained mutation: You have razor-sharp teeth. [Vine Stalker
                  | growth]
  4830 | Ossuary  | Reached XP level 8. HP: 33/39 MP: 11/13
  5014 | Ossuary  | Slain by a scorpion

Illustrated notes

Levels and vault maps discovered:
D:1:      dpeg_arrival_rooms_with_view, layout_loops_cross
D:2:      layout_loops_ring, serial_shops, nicolae_shop_tiny_statue_garden,
          basic_altar, minmay_divided_ellipse, uniq_sigmund, uniq_terence
D:3:      layout_loops_ring, nicolae_sif_muna_little_library,
          nicolae_overflow_crystal_walls, bh_walls_and_bars
D:4:      layout_loops_ring, mainiacjoe_overflow_surrounded_room,
          nicolae_gozag_cash_rules_everything_around_me
D:5:      layout_basic, chequers_ossuary_entry_cave, uniq_crazy_yiuf_cottage
Ossuary:  ossuary_minmay_scorpions

Skill      XL: |  1  2  3  4  5  6  7 |
---------------+----------------------+-----
Stealth        | 4 5 6 |  6.7
Short Blades   | 1 2 3 4 |  4.7
Hexes          | 4 |  4.3
Fighting       | 1 2 |  2.8
Armour         | 1 |  1.9
Dodging        | 2 |  2.8
Spellcasting   | |  2.9

Action                     |  1- 3 |  4- 6 |  7- 9 || total
---------------------------+-------+-------+-------++-------
  Melee: Dagger            |    61 |   196 |   343 ||   600
         Bite              |    11 |    55 |   139 ||   205
         Punch             |     1 |       |     7 ||     8
   Cast: Confusing Touch   |     1 |     3 |       ||     4
         Passwall          |       |     2 |       ||     2
    Use: Scroll            |     8 |     2 |     1 ||    11
         Potion            |       |     3 |     1 ||     4
   Stab: Sleeping          |    11 |    10 |     4 ||    25
         Invisible         |       |     1 |       ||     1
         Distracted        |       |       |     1 ||     1
 Armour: Robe              |    11 |       |       ||    11
         Leather armour    |    15 |    53 |       ||    68
         Skin              |       |     8 |   117 ||   125
  Dodge: Dodged            |    29 |    67 |    97 ||   193

Table legend: (Time is in decaauts)
 A = Elapsed time spent in this place.
 B = Non-inter-level travel time spent in this place.
 C = Inter-level travel time spent in this place.
 D = Time resting spent in this place.
 E = Time spent auto-exploring this place.
 F = Levels seen in this place.
 G = Mean time per level.
                   A        B        C        D        E       F      G
               +--------+--------+--------+--------+--------+-----+--------+
         Total |   4785 |   4479 |    306 |    890 |   2330 |   6 |  797.5 |
       Dungeon |   4185 |   3879 |    306 |    604 |   2268 |   5 |  837.0 |
       Ossuary |    600 |    600 |      0 |    286 |     62 |   1 |  600.0 |
               +--------+--------+--------+--------+--------+-----+--------+

Top non-repeatable levels by time:
     D:3: 1331 daAuts
     D:2: 1111 daAuts
     D:1: 912 daAuts
     D:4: 777 daAuts
 Ossuary: 600 daAuts
     D:5: 51 daAuts
